 Dungeon Crawl Stone Soup version 0.16.2-12-gd0ad4c3 (webtiles) character file.

167690 daftwullie the Thaumaturge (level 17, 0/104 HPs)
             Began as a Gargoyle Earth Elementalist on Oct 10, 2015.
             Was the Champion of Vehumet.
             Slain by CrazyArbalest's ghost (2 damage)
             ... on level 2 of the Snake Pit on Oct 17, 2015.
             The game lasted 14:43:01 (49004 turns).

daftwullie the Thaumaturge (GrEE)                  Turns: 49004, Time: 14:43:01

Health: 0/104      AC: 29    Str: 13    XL:     17   Next: 93%
Magic:  17/46      EV: 15    Int: 22    God:    Vehumet [******]
Gold:   3309       SH:  7    Dex: 10    Spells: 10 memorised, 5 levels left

rFire  . . .     SeeInvis .     a - +0 mace (protect)
rCold  . . .     Clarity  .     O - +2 robe {MR+}
rNeg   + . .     SustAb   .     F - +2 buckler
rPois  ∞         Gourm    .     D - +1 hat
rElec  +         Spirit   .     S - +0 cloak {MR+}
rCorr  .         Warding  .     W - +0 pair of gloves
rMut   .         Stasis   .     Y - +2 pair of boots
MR     +++..                    T - amulet of regeneration
Stlth  ++........               G - ring of magical power
                                w - ring of wizardry

@: flying, extremely resistant to hostile enchantments, unstealthy
A: able to fly continuously, big wings, negative energy resistance 1,
electricity resistance, unbreathing, petrification resistance, rot immunity, AC
+12
a: Stop Flying, Renounce Religion


You were on level 2 of the Snake Pit.
You worshipped Vehumet.
Vehumet was exalted by your worship.
You were not hungry.

You visited 7 branches of the dungeon, and saw 34 of its levels.
You also visited: Bailey.

You collected 3747 gold pieces.
You spent 438 gold pieces at shops.

Inventory:

Hand weapons
 a - a +0 mace of protection (weapon)
 f - a +0 blowgun
 o - a +2 dagger of protection
 I - a +3 mace
 L - a +0 hunting sling
Missiles
 b - 545 stones (quivered)
 d - 48 sling bullets
 y - 139 poisoned needles
 C - 15 poisoned sling bullets
Armour
 D - a +1 hat (worn)
 F - a +2 buckler (worn)
 O - a +2 robe of magic resistance (worn)
 S - a +0 cloak of magic resistance (worn)
 W - a +0 pair of gloves (worn)
 Y - a +2 pair of boots (worn)
Jewellery
 e - an uncursed ring of fire
 w - a ring of wizardry (left hand)
 G - a ring of magical power (right hand)
 N - an uncursed ring of protection from fire
 Q - an uncursed ring of see invisible
 R - the ring "Blaidwez" {rC+ Str+4}
   (You found it on level 13 of the Dungeon)

   [ring of strength]

   It affects your strength (+4).
   It protects you from cold.
 T - an amulet of regeneration (around neck)
Magical devices
 j - a wand of fireball (2)
 l - a wand of cold (10)
 n - a wand of frost (14)
 x - a wand of slowing (8)
 z - a wand of paralysis (11)
 A - a wand of cold (9)
 H - a wand of cold (6)
 M - a wand of draining (6)
 X - a wand of heal wounds (0)
Scrolls
 c - a scroll of recharging {unknown}
 i - 2 scrolls of fear {unknown}
 k - 5 scrolls of teleportation
 p - a scroll of blinking
 q - 3 scrolls of identify
 r - 3 scrolls of magic mapping
 s - a scroll of immolation
 u - 7 scrolls of fog
 v - a scroll of acquirement {unknown}
 J - a scroll of amnesia
 K - a scroll of vulnerability {unknown}
 P - a scroll of enchant armour
Potions
 h - 3 potions of berserk rage {unknown}
 m - a potion of curing
 B - a potion of resistance
Comestibles
 g - 3 bread rations


   Skills:
 + Level 10.9 Fighting
 + Level 10.1 Maces & Flails
 - Level 6.0 Armour
 + Level 8.7 Dodging
 - Level 2.1 Stealth
 - Level 6.0 Shields
 * Level 14.3 Spellcasting
 + Level 12.0 Conjurations
 - Level 0.7 Transmutations
 + Level 9.6 Fire Magic
 + Level 13.4 Earth Magic
 + Level 10.3 Evocations


You had 5 spell levels left.
You knew the following spells:

 Your Spells              Type           Power        Failure   Level  Hunger
a - Sandblast             Erth           ######       0%          1    None
b - Stoneskin             Trmt/Erth      #####...     1%          2    None
c - Stone Arrow           Conj/Erth      ######       1%          3    None
d - Lee's Rapid Deconstr  Erth           ######....   1%          5    ###....
e - Conjure Flame         Conj/Fire      ######..     1%          3    None
f - Mephitic Cloud        Conj/Pois/Air  ####....     1%          3    None
g - Bolt of Magma         Conj/Fire/Erth ######....   1%          5    ###....
h - Bolt of Fire          Conj/Fire      ######....   1%          6    #####..
i - Iron Shot             Conj/Erth      ######....   1%          6    #####..
j - Ignite Poison         Fire/Trmt      #####.....   1%          5    ###....


Dungeon Overview and Level Annotations

Branches:
Dungeon (13/15)            Temple (1/1) D:6            Lair (8/8) D:9
 Shoals (4/5) Lair:3        Snake (3/5) Lair:3        Slime (0/6) Lair:8
    Orc (4/4) D:11            Elf (1/3) Orc:4
 Vaults: D:13-14

Altars:
Ashenzari
Cheibriados
Dithmenos
Elyvilon
Fedhas
Gozag
Kikubaaqudgha
Makhleb
Nemelex Xobeh
Okawaru
Qazlal
Ru
Sif Muna
Trog
Vehumet
Xom
Yredelemnul
Zin
The Shining One

Shops:
D:3 *   D:7 =(=   D:13 (   Orc:2 }   Orc:3 *   Orc:4 (}?[   Elf:1 [

Portals:
Hell: Lair:8
Trove: D:12 (give 19 scrolls of identify)

Annotations:
D:4 Typee's ghost, average DrTm
Shoals:3 comborobin's ghost, mighty HuWr
Snake:2 Aizul; CrazyArbalest's ghost, mighty MiHu


Innate Abilities, Weirdness & Mutations

You are resistant to torment.
You are immune to poison.
You can fly continuously.
Your stone body is very resilient (AC +12).
Your wings are large and strong.
You resist negative energy.
You are resistant to electric shocks.
You can survive without breathing.
You are immune to petrification.
You are immune to rotting.


Message History

Your skin feels tender.
CrazyArbalest's ghost hits you!
* * * LOW HITPOINT WARNING * * *
CrazyArbalest's ghost freezes you.
* * * LOW HITPOINT WARNING * * *
CrazyArbalest's ghost makes a sound of rattling chains.
CrazyArbalest's ghost hits you!
* * * LOW HITPOINT WARNING * * *
CrazyArbalest's ghost freezes you.
* * * LOW HITPOINT WARNING * * *
CrazyArbalest's ghost says, "I guess you can't buy your way into a good afterlife."
CrazyArbalest's ghost hits you!
* * * LOW HITPOINT WARNING * * *
CrazyArbalest's ghost freezes you.
* * * LOW HITPOINT WARNING * * *
Drink which item? (? for menu, Esc to quit)
You feel better. CrazyArbalest's ghost hits you!
* * * LOW HITPOINT WARNING * * *
CrazyArbalest's ghost freezes you.
You die...

#># ### #.# #.# ### #.#
#### #.# #.# #.# #..# #.##
#.## ##.# #..#
#..###..######..# ##..##
#..)#..........## #....#
##......)......## ##....##
##.......W@....## #......#
##...#....###..####......#
#..###..## ###........#..
#..# #..## ##...##..##.
#..# ##..## #..####..##
#..# ##..## ##...# ##...
#..# ###.###....## ##..
########..## ##.....###.##
### ##..........###
#.#.).## ##.#####


You could see CrazyArbalest's ghost.

Vanquished Creatures
  Rupert (Lair:4)
  Kirke (Lair:3)
  Frances (Shoals:4)
  Donald (Shoals:4)
  Louise (Shoals:1)
  A stone giant (Orc:4)
  A deep elf demonologist (Elf:1)
  Snorg (Shoals:3)
  A merfolk javelineer (Shoals:2)
  2 merfolk impalers
  3 deep elf death magi (Elf:1)
  Josephine (Orc:2)
  8 hydras
  An anaconda (Snake:1)
  A centaur warrior (D:13)
  A merfolk avatar (Shoals:1)
  A merfolk aquamancer (Shoals:4)
  2 satyrs (Shoals:4)
  2 tengu warriors (D:13)
  10 death yaks
  3 shock serpents
  3 orc high priests (Orc:4)
  4 deep elf knights (Elf:1)
  A naga sharpshooter (Snake:1)
  6 skeletal warriors
  2 unseen horrors
  A naga ritualist (Snake:2)
  8 sea snakes
  A wizard (Lair:8)
  3 hill giants
  17 deep elf summoners (Elf:1)
  12 harpies
  2 ugly things
  A mana viper (Snake:2)
  5 orc knights
  An ugly thing zombie (D:7)
  3 cyclopes
  A hornet (D:12)
  3 deep elf conjurers (Elf:1)
  5 orc sorcerers
  14 griffons
  13 manticores
  A sixfirhy (Lair:8)
  13 fauns
  2 salamanders (Snake:2)
  5 water nymphs
  2 guardian serpents (Snake:2)
  25 elephants
  4 sirens
  Maurice (D:13)
  14 black mambas
  A smoke demon (Lair:8)
  17 spiny frogs
  5 naga magi (Snake:2)
  A centaur skeleton (D:10)
  4 orange demons (Lair:8)
  7 komodo dragons
  A kobold demonologist (D:13)
  2 deep elf priests (Elf:1)
  5 fire drakes
  A hellwing (Lair:8)
  A red devil (Lair:8)
  A tengu conjurer (D:12)
  A harpy zombie (D:13)
  3 polar bears
  A wolf spider simulacrum (D:11)
  28 merfolk
  A wandering mushroom (D:9)
  Sonja (Shoals:1)
  4 blue devils
  2 ravens (D:12)
  3 trolls
  2 wind drakes (Shoals:3)
  14 blink frogs
  5 boulder beetles
  A basilisk (shapeshifter) (D:13)
  4 basilisks
  8 snapping turtles
  A vampire (D:13)
  5 redbacks (Elf:1)
  A spriggan (D:7)
  48 yaks
  3 hogs
  4 water elementals
  7 deep elf magi (Elf:1)
  13 hippogriffs
  Eustachio (Orc:1)
  A chaos spawn (Elf:1)
  3 wraiths (Orc:2)
  5 wyverns
  10 wargs
  7 vampire mosquitoes (D:13)
  7 deep elf fighters (Elf:1)
  15 wolves
  12 nagas
  23 water moccasins
  A hell hound (Lair:8)
  9 porcupines
  4 black bears
  2 eyes of draining (D:7)
  30 orc warriors
  14 ice beasts
  8 sky beasts
  8 phantoms
  13 centaurs
  19 crocodiles
  28 ogres
  A boring beetle (Lair:8)
  A big kobold (D:7)
  14 giant frogs
  2 wyvern skeletons
  A water moccasin zombie (D:9)
  3 scorpions
  An electric eel (Orc:1)
  6 killer bees
  A goliath beetle (D:9)
  A wyvern simulacrum (D:13)
  2 giant frog zombies
  23 orc priests
  8 wights
  2 crimson imps
  5 jellies
  11 hounds
  2 giant frog skeletons
  14 iguanas
  34 orc wizards
  11 worker ants
  8 hell rats (Elf:1)
  31 sheep
  Ijyb (D:3)
  Jessica (D:2)
  2 hound zombies
  2 hound skeletons
  29 adders
  19 gnolls
  A worker ant zombie (D:3)
  65 river rats
  6 shadow imps
  A giant mite (D:3)
  A worm (D:6)
  An adder zombie (D:9)
  5 giant geckos
  3 oozes
  192 orcs
  2 ball pythons
  A bat zombie (D:5)
  5 giant cockroaches
  16 goblins
  18 hobgoblins
  4 jackals
  7 quokkas
  18 bats
  A giant gecko skeleton (D:6)
  3 giant newts
  A giant spore (D:12)
  32 kobolds
  An orc zombie (Orc:4)
  2 quokka skeletons
  16 rats
  3 ballistomycetes (D:12)
1284 creatures vanquished.

Vanquished Creatures (collateral kills)
  A fire drake (Lair:3)
  5 river rats (Lair:3)
6 creatures vanquished.

Vanquished Creatures (others)
  A sea snake (Shoals:2)
  2 drowned souls (Shoals:1)
  A yak (Lair:3)
  3 humans
  A water moccasin (Snake:2)
  2 lost souls (Elf:1)
  2 orc priests (Orc:4)
  An orc wizard (Orc:4)
  4 river rats
  An orc (Orc:4)
  78 fungi
  50 plants
146 creatures vanquished.

Grand Total: 1436 creatures vanquished

Notes
Turn   | Place    | Note
--------------------------------------------------------------
     0 | D:1      | daftwullie, the Gargoyle Earth Elementalist, began the quest for the Orb.
     0 | D:1      | Reached XP level 1. HP: 10/10 MP: 3/3
   209 | D:1      | Reached XP level 2. HP: 15/15 MP: 1/5
   307 | D:1      | Reached skill level 4 in Earth Magic
   803 | D:1      | Reached XP level 3. HP: 10/19 MP: 6/6
   807 | D:1      | Learned a level 2 spell: Stoneskin
   811 | D:1      | Learned a level 3 spell: Stone Arrow
   931 | D:2      | Noticed Jessica
  1338 | D:2      | Killed Jessica
  1338 | D:2      | Reached XP level 4. HP: 24/24 MP: 5/9
  1618 | D:2      | Found a deep blue altar of Sif Muna.
  1838 | D:2      | Reached skill level 1 in Conjurations
  1935 | D:2      | Found a shimmering altar of Xom.
  2027 | D:3      | Reached XP level 5. HP: 24/28 MP: 3/11
  2268 | D:3      | Found Zin's Purification Station.
  2268 | D:3      | Found a glowing silver altar of Zin.
  2843 | D:4      | Noticed a phantom
  2914 | D:4      | Reached skill level 5 in Earth Magic
  2920 | D:4      | Noticed a phantom
  2938 | D:3      | Reached XP level 6. HP: 21/32 MP: 0/15
  3089 | D:4      | Noticed Typee's ghost (average DrTm)
  3176 | D:4      | Killed a phantom
  3261 | D:4      | Noticed an ogre
  3271 | D:4      | Killed an ogre
  3271 | D:4      | Reached skill level 5 in Spellcasting
  3388 | D:4      | Reached XP level 7. HP: 31/36 MP: 11/18
  3530 | D:3      | Learned a level 5 spell: Lee's Rapid Deconstruction
  3751 | D:4      | Found a white marble altar of Elyvilon.
  4169 | D:4      | Reached skill level 6 in Earth Magic
  5003 | D:4      | Found a shattered altar of Ashenzari.
  5027 | D:4      | Noticed Ijyb
  5039 | D:4      | Found a stormy altar of Qazlal.
  5041 | D:4      | Found a sparkling altar of Nemelex Xobeh.
  5085 | D:3      | Killed Ijyb
  5370 | D:5      | Entered Level 5 of the Dungeon
  5406 | D:5      | Reached XP level 8. HP: 41/41 MP: 11/21
  6331 | D:6      | Found a staircase to the Ecumenical Temple.
  6373 | Temple   | Entered the Ecumenical Temple
  6440 | Temple   | Became a worshipper of Vehumet
  6516 | D:6      | Found an opulent altar of Gozag.
  6541 | D:6      | Reached skill level 7 in Earth Magic
  6659 | D:6      | Reached skill level 5 in Conjurations
  7265 | D:6      | Acquired Vehumet's first power
  7265 | D:6      | Offered knowledge of Magic Dart by Vehumet.
  7453 | D:6      | Reached XP level 9. HP: 44/46 MP: 23/24
  7521 | D:6      | Reached skill level 1 in Shields
  7729 | D:7      | Reached skill level 1 in Armour
  7823 | D:6      | Reached skill level 1 in Evocations
  7894 | D:6      | Reached skill level 1 in Fighting
  7898 | D:6      | Reached skill level 1 in Maces & Flails
  8109 | D:7      | Killed a phantom
  8111 | D:7      | Found Elaha's Jewellery Shop.
  8119 | D:7      | Bought an uncursed ring of see invisible for 210 gold pieces
  8333 | D:7      | Found Prant's Weapon Boutique.
  8524 | D:7      | Found a bloodstained altar of Trog.
  8529 | D:7      | Offered knowledge of Searing Ray by Vehumet.
  8529 | D:7      | Reached skill level 8 in Earth Magic
  8715 | D:7      | Found Laume's Jewellery Shoppe.
  8943 | D:7      | Reached XP level 10. HP: 54/54 MP: 26/26
  9077 | D:8      | Noticed a purple ugly thing
  9606 | D:8      | Noticed a cyan ugly thing
  9665 | D:7      | Killed a cyan ugly thing
  9821 | D:7      | Noticed an ugly thing zombie
  9829 | D:7      | Killed an ugly thing zombie
  9943 | D:8      | Killed a cyan ugly thing
 10295 | D:9      | Offered knowledge of Conjure Flame by Vehumet.
 10300 | D:9      | Learned a level 3 spell: Conjure Flame
 10499 | D:9      | Reached skill level 9 in Earth Magic
 10571 | D:9      | Acquired Vehumet's second power
 10601 | D:9      | Got a scorched platinum amulet
 10602 | D:9      | Identified the amulet of Nucs {Stasis MR+ Str-3 SInv} (You found it on level 9 of the Dungeon)
 10648 | D:9      | Reached XP level 11. HP: 57/60 MP: 28/28
 10681 | D:9      | Found a staircase to the Lair.
 10687 | D:9      | Reached skill level 1 in Fire Magic
 10716 | Lair:1   | Entered Level 1 of the Lair of Beasts
 11595 | Lair:1   | Offered knowledge of Fulminant Prism by Vehumet.
 12010 | Lair:1   | Noticed a four-headed hydra
 12029 | Lair:1   | Killed a four-headed hydra
 12029 | Lair:1   | Reached skill level 5 in Armour
 13342 | Lair:2   | Reached skill level 5 in Shields
 13380 | Lair:2   | Acquired Vehumet's third power
 13384 | Lair:2   | Offered knowledge of Mephitic Cloud by Vehumet.
 13389 | Lair:2   | Learned a level 3 spell: Mephitic Cloud
 13455 | Lair:2   | Found an iron altar of Okawaru.
 13838 | Lair:3   | Found a staircase to the Shoals.
 13998 | Lair:3   | Reached XP level 12. HP: 37/68 MP: 29/29
 14009 | Lair:3   | Reached skill level 5 in Fighting
 14009 | Lair:3   | Reached skill level 5 in Evocations
 14026 | Lair:3   | Reached skill level 5 in Maces & Flails
 14753 | Lair:3   | Found a staircase to the Snake Pit.
 15116 | Lair:3   | Offered knowledge of Poison Arrow by Vehumet.
 15246 | Lair:4   | Noticed Rupert
 15639 | Lair:4   | Paralysed by Rupert for 2 turns
 15660 | Lair:4   | Paralysed by Rupert for 2 turns
 15674 | Lair:4   | Killed Rupert
 15674 | Lair:4   | Reached skill level 10 in Spellcasting
 16028 | Lair:4   | HP: 3/69 [komodo dragon (23)]
 16336 | Lair:4   | Reached skill level 10 in Earth Magic
 16971 | Lair:5   | Noticed an eight-headed hydra
 16990 | Lair:5   | Reached XP level 13. HP: 74/74 MP: 31/31
 17234 | Lair:5   | Reached skill level 5 in Dodging
 17476 | Lair:5   | Found a frozen archway.
 18238 | Lair:6   | Offered knowledge of Bolt of Magma by Vehumet.
 18255 | Lair:6   | Learned a level 5 spell: Bolt of Magma
 18364 | Lair:6   | Reached skill level 5 in Fire Magic
 18494 | Lair:5   | Killed an eight-headed hydra
 19714 | Lair:7   | Reached skill level 11 in Spellcasting
 20793 | Lair:7   | Got a crude plate armour
 21002 | Lair:7   | Offered knowledge of Bolt of Fire by Vehumet.
 21153 | Lair:7   | Gained mutation: Your wings are large and strong. [gargoyle growth]
 21153 | Lair:7   | Reached XP level 14. HP: 82/82 MP: 28/33
 22306 | Lair:8   | Entered Level 8 of the Lair of Beasts
 22362 | Lair:8   | Reached skill level 10 in Conjurations
 22748 | Lair:8   | Found a staircase to the Slime Pits.
 24609 | Lair:8   | Found a burning altar of Makhleb.
 25290 | Lair:8   | Found a gateway to Hell.
 25690 | Lair:2   | Identified the cursed -5 plate armour "Psufepp" {rN+ MP-9 Dex+7} (You found it on level 7 of the Lair of Beasts)
 25993 | D:10     | Entered Level 10 of the Dungeon
 26443 | D:10     | Reached XP level 15. HP: 88/88 MP: 28/34
 26680 | D:10     | Found a sacrificial altar of Ru.
 26864 | D:11     | Learned a level 6 spell: Bolt of Fire
 27266 | D:11     | Reached skill level 12 in Spellcasting
 27287 | D:11     | Found a staircase to the Orcish Mines.
 27298 | D:11     | Offered knowledge of Orb of Destruction by Vehumet.
 28686 | D:12     | Got a steaming chain mail
 28824 | D:12     | Found a portal to a secret trove of treasure.
 29475 | D:13     | Noticed Maurice
 29486 | D:13     | Killed Maurice
 29798 | Orc:1    | Entered Level 1 of the Orcish Mines
 30341 | Orc:1    | Offered knowledge of Poisonous Cloud by Vehumet.
 30459 | Orc:1    | Noticed Eustachio
 30464 | Orc:1    | Killed Eustachio
 31329 | Orc:2    | Found a bloodstained altar of Trog.
 31441 | Orc:2    | Noticed Josephine
 31472 | Orc:2    | Found Upal's Gadget Shoppe.
 31754 | Orc:3    | Found Ufupauh's General Store.
 31757 | Orc:3    | Offered knowledge of Spellforged Servitor by Vehumet.
 31762 | Orc:3    | Bought a potion of agility for 60 gold pieces
 31868 | Orc:2    | Killed Josephine
 32191 | Orc:3    | Found a flagged portal.
 32202 | Bailey   | Entered a bailey
 32401 | Bailey   | Got a translucent quarterstaff
 32797 | Orc:4    | Entered Level 4 of the Orcish Mines
 33346 | Orc:4    | Found a staircase to the Elven Halls.
 33514 | Orc:4    | Offered knowledge of Iron Shot by Vehumet.
 33522 | Orc:4    | Learned a level 6 spell: Iron Shot
 34182 | Lair:2   | Identified the +6 quarterstaff of Teeneqitz {freeze, *Rage Str+3 Int+2 Dex-3 Stlth+} (You took it off a kobold in a bailey)
 34196 | Lair:2   | Identified the +2 chain mail "Reny" {Regen+ MP+9 Dex-2 Slay+2} (You found it on level 12 of the Dungeon)
 34949 | Orc:4    | Found Blaubbei's Antique Weapon Shop.
 34949 | Orc:4    | Found Fawaxto's Antique Armour Shoppe.
 34950 | Orc:4    | Found Papraa's Magic Scroll Shoppe.
 34950 | Orc:4    | Found Uluach's Gadget Shop.
 34961 | Orc:4    | Bought a scroll of noise for 13 gold pieces
 34961 | Orc:4    | Bought a scroll of enchant weapon for 97 gold pieces
 34961 | Orc:4    | Bought a scroll of magic mapping for 45 gold pieces
 34961 | Orc:4    | Bought a scroll of random uselessness for 13 gold pieces
 35116 | Elf:1    | Entered Level 1 of the Elven Halls
 35279 | Elf:1    | Found Kisod's Antique Armour Shop.
 35592 | Elf:1    | Reached XP level 16. HP: 52/96 MP: 6/36
 35925 | Elf:1    | Identified Zogosuly's Papyrus of Creation
 36478 | Elf:1    | Reached skill level 13 in Spellcasting
 37625 | D:13     | Found Oziuhoadgh's Weapon Boutique.
 37684 | D:13     | Got a steaming amber ring
 38238 | Lair:2   | Identified the ring "Blaidwez" {rC+ Str+4} (You found it on level 13 of the Dungeon)
 38335 | Shoals:1 | Entered Level 1 of the Shoals
 38335 | Shoals:1 | Noticed Kirke
 38373 | Lair:3   | Killed Kirke
 38769 | Shoals:1 | Noticed Louise
 39053 | Shoals:1 | Noticed Sonja
 39061 | Shoals:1 | Killed Sonja
 39087 | Shoals:1 | Offered knowledge of Lehudib's Crystal Spear by Vehumet.
 39087 | Shoals:1 | Offered knowledge of Shatter by Vehumet.
 39087 | Shoals:1 | Offered knowledge of Chain Lightning by Vehumet.
 39464 | Shoals:1 | Killed Louise
 39505 | Shoals:1 | Reached skill level 10 in Fighting
 40071 | Shoals:2 | Found a glowing golden altar of the Shining One.
 41221 | Shoals:3 | Reached XP level 17. HP: 78/102 MP: 13/37
 41357 | Shoals:3 | Noticed comborobin's ghost (mighty HuWr)
 43275 | Shoals:4 | Noticed Frances
 43282 | Shoals:4 | Killed Frances
 43358 | Shoals:4 | Noticed Snorg
 43442 | Shoals:4 | Noticed Mara
 43449 | Shoals:4 | Noticed daftwullie's illusion
 43474 | Shoals:3 | Killed Snorg
 43640 | Shoals:4 | Noticed daftwullie's illusion
 43807 | Shoals:4 | Noticed Donald
 43980 | Shoals:4 | Killed Donald
 43980 | Shoals:4 | Reached skill level 10 in Evocations
 44538 | Shoals:4 | Reached skill level 14 in Spellcasting
 45007 | Shoals:4 | Reached skill level 10 in Maces & Flails
 45954 | Lair:2   | Learned a level 5 spell: Ignite Poison
 46043 | Snake:1  | Entered Level 1 of the Snake Pit
 47311 | Snake:2  | Noticed Aizul
 48454 | Snake:2  | Noticed CrazyArbalest's ghost (mighty MiHu)
 49003 | Snake:2  | HP: 1/104 [CrazyArbalest's ghost (5)]
 49004 | Snake:2  | Slain by CrazyArbalest's ghost

Action                   |  1- 3 |  4- 6 |  7- 9 | 10-12 | 13-15 | 16-18 || total
-------------------------+-------+-------+-------+-------+-------+-------++-------
Melee: Club              |    46 |    38 |    19 |    22 |       |       ||   125
       Whip              |       |       |    50 |       |       |       ||    50
       Dagger            |       |       |   148 |    35 |   752 |       ||   935
       Mace              |       |       |       |   163 |   440 |   396 ||   999
Throw: Stone             |       |     1 |       |       |       |    12 ||    13
 Cast: Sandblast         |    24 |    75 |       |   121 |   109 |    34 ||   363
       Stone Arrow       |       |    17 |   180 |   268 |   820 |   635 ||  1920
       Stoneskin         |       |     2 |     6 |    13 |    44 |    27 ||    92
       Conjure Flame     |       |       |       |     1 |     3 |       ||     4
       Lee's Rapid Decon |       |       |       |    40 |    97 |    87 ||   224
       Bolt of Magma     |       |       |       |       |    97 |    36 ||   133
       Iron Shot         |       |       |       |       |     8 |    75 ||    83
       Ignite Poison     |       |       |       |       |       |     2 ||     2
 Abil: Stop Flying       |       |       |       |       |     2 |     2 ||     4
       Evoke Flight      |       |       |       |       |     2 |       ||     2
       Fly               |       |       |       |       |     1 |     2 ||     3
Evoke: Wand              |       |       |       |     1 |       |    31 ||    32
  Use: Scroll            |       |       |     4 |     9 |    12 |     7 ||    32
       Potion            |       |       |     3 |       |       |     7 ||    10
 Stab: Sleeping          |     2 |     1 |       |       |       |     1 ||     4
  Eat: Chunk             |     2 |     6 |    22 |    26 |    81 |    69 ||   206
       Beef jerky        |       |       |     1 |       |       |     1 ||     2
       Fruit             |       |       |     1 |       |       |       ||     1
       Pizza             |       |       |       |     1 |     1 |     3 ||     5
       Meat ration       |       |       |       |     1 |       |     1 ||     2
       Bread ration      |       |       |       |       |     3 |     1 ||     4
